AoeStats
← Evan Mason

Black Forest

508197327Analyzed
4v4 RM · 13d ago on Sep 21, 2026· 76m 48s· 8 players
Game mode
Random Map
Map size
Large (8 player)
Population
200
Speed
Normal
Resources
Standard
Victory
Conquest
Starting age
Dark Age
Ending age
Imperial Age
RankedLock teamsTeams togetherTeam positionsShared explorationLock speedFull tech treeHidden civsTurbo modeCheats
Victory
Defeat
🇳🇿 Magyars · New Zealand
712
+12
🇧🇷 Teutons · Brazil
699
+13
🇺🇦 Vietnamese · Ukraine
488
+22
🇺🇸 Poles · United States
487
+23
🇦🇷 Romans · Argentina
660
-19
🇳🇱 Byzantines · Netherlands
654
-19
🇨🇳 Bohemians · China
606
-17
🇮🇹 Vietnamese · Italy
572
-15
Lucasavend
0:44 Loom
17:36 Feudal Age
20:06 Wheelbarrow
19:21 Town Watch
19:22 Horse Collar
19:56 Double-Bit Axe
20:32 Gold Mining
20:33 Stone Mining
26:09 Fletching
29:45 Castle Age
33:18 Bodkin Arrow
33:41 Hand Cart
33:43 Bow Saw
36:23 Gold Shaft Mining
36:28 Ballistics
36:40 Heavy Plow
42:15 Imperial Age
45:12 Scale Mail Armor
45:24 Forging
52:13 Pikeman
52:54 Squires
55:20 Halberdier
58:17 Chain Mail Armor
59:13 Iron Casting
Evan Mason
7:43 Loom
10:37 Feudal Age
11:15 Horse Collar
20:08 Castle Age
19:16 Double-Bit Axe
23:24 Heavy Plow
25:07 Wheelbarrow
32:58 Hand Cart
32:36 Town Watch
36:52 Imperial Age
35:04 Bow Saw
35:14 Fletching
35:35 Forging
37:17 Town Patrol
39:29 Chemistry
38:49 Ballistics
39:34 Bodkin Arrow
40:15 Iron Casting
41:31 Wagenburg Tactics
40:50 Elite Hussite Wagon
42:54 Two-Man Saw
46:08 Houfnice
49:35 Masonry
50:18 Bracer
51:19 Blast Furnace
50:24 Padded Archer Armor
50:33 Murder Holes
59:15 Squires
58:36 Pikeman
64:40 Onager
66:10 Architecture
67:45 Halberdier
massiPro97
5:17 Loom
12:45 Feudal Age
13:10 Horse Collar
13:19 Double-Bit Axe
14:17 Wheelbarrow
13:31 Town Watch
16:05 Padded Archer Armor
15:57 Fletching
16:19 Scale Mail Armor
17:32 Gold Mining
23:06 Castle Age
22:04 Scale Barding Armor
22:17 Forging
24:03 Hand Cart
23:53 Heavy Plow
24:12 Bow Saw
24:44 Stone Mining
25:55 Town Patrol
26:34 Caravan
27:43 Leather Archer Armor
29:09 Squires
28:39 Pikeman
30:23 Chain Mail Armor
30:29 Chain Barding Armor
30:45 Iron Casting
31:14 Stone Shaft Mining
31:45 Bodkin Arrow
32:16 Sanctity
37:31 Imperial Age
39:15 Two-Man Saw
38:50 Ring Archer Armor
38:51 Plate Mail Armor
38:57 Plate Barding Armor
38:23 Bracer
39:18 Treadmill Crane
40:04 Ballistics
40:48 Chemistry
39:54 Murder Holes
40:38 Thumb Ring
39:54 Crossbowman
40:28 Arson
40:04 Elite Fire Lancer
42:12 Elite Battle Elephant
43:03 Bloodlines
42:54 Husbandry
44:00 Arbalester
51:55 Cavalier
72:08 Elite Skirmisher
72:15 Elite Skirmisher
playboy42
11:45 Feudal Age
12:22 Double-Bit Axe
12:24 Horse Collar
22:17 Castle Age
20:57 Gold Mining
21:04 Stone Mining
24:34 Stone Shaft Mining
24:12 Bow Saw
24:41 Gold Shaft Mining
31:39 Pikeman
32:22 Squires
36:36 Imperial Age
35:58 Husbandry
36:39 Caravan
37:00 Cavalier
45:18 Elite Cataphract
47:13 Paladin
49:23 Onager
49:54 Light Cavalry
51:23 Hussar
70:01 Scale Barding Armor
69:57 Scale Mail Armor
69:58 Padded Archer Armor
69:48 Fletching
70:09 Forging
Kayak
13:17 Feudal Age
14:16 Horse Collar
14:31 Gold Mining
14:33 Stone Mining
18:06 Wheelbarrow
18:10 Double-Bit Axe
26:14 Castle Age
26:53 Light Cavalry
27:43 Bloodlines
27:34 Husbandry
28:02 Hand Cart
28:36 Forging
28:32 Scale Barding Armor
28:43 Heavy Plow
28:57 Bow Saw
30:26 Iron Casting
32:28 Imperial Age
31:38 Chain Barding Armor
34:31 Winged Hussar
36:40 Crop Rotation
37:37 Conscription
37:49 Lechitic Legacy
39:17 Blast Furnace
60:10 Elite Obuch
xSlipperyx
0:28 Loom
15:48 Feudal Age
17:12 Wheelbarrow
16:24 Horse Collar
21:50 Fletching
25:57 Castle Age
24:28 Padded Archer Armor
26:28 Gold Mining
26:31 Stone Mining
27:43 Heavy Plow
28:20 Bodkin Arrow
32:08 Double-Bit Axe
33:55 Town Watch
35:29 Scale Barding Armor
36:53 Masonry
37:04 Bloodlines
39:57 Imperial Age
38:42 Husbandry
39:06 Chain Barding Armor
40:22 Thumb Ring
41:09 Conscription
41:35 Gold Shaft Mining
45:18 Leather Archer Armor
46:02 Ballistics
46:43 Chemistry
45:47 Bracer
45:22 Light Cavalry
47:01 Corvinian Army
47:36 Parthian Tactics
47:49 Hand Cart
48:08 Crop Rotation
47:51 Bow Saw
50:12 Recurve Bow
51:40 Heavy Cavalry Archer
55:05 Cavalier
59:03 Two-Man Saw
58:59 Paladin
62:36 Ring Archer Armor
63:36 Plate Barding Armor
63:46 Elite Magyar Huszar
72:23 Siege Engineers
Dprn 1000 mg
11:36 Feudal Age
13:28 Horse Collar
13:37 Double-Bit Axe
14:45 Wheelbarrow
15:44 Gold Mining
19:30 Stone Mining
22:04 Castle Age
23:12 Hand Cart
23:01 Heavy Plow
23:14 Bow Saw
23:43 Stone Shaft Mining
30:30 Caravan
34:14 Pikeman
34:54 Squires
37:36 Imperial Age
35:22 Fletching
35:34 Padded Archer Armor
35:45 Forging
35:36 Scale Mail Armor
36:14 Elite Skirmisher
37:00 Thumb Ring
38:30 Bodkin Arrow
38:50 Leather Archer Armor
39:11 Iron Casting
38:51 Chain Mail Armor
39:23 Crop Rotation
39:21 Paper Money
39:40 Hoardings
38:37 Imperial Skirmisher
39:21 Halberdier
40:24 Bracer
41:41 Two-Man Saw
47:34 Ring Archer Armor
47:34 Plate Mail Armor
47:12 Scale Barding Armor
47:30 Ballistics
47:21 Fortified Wall
47:07 Murder Holes
48:13 Chemistry
46:57 Treadmill Crane
47:29 Siege Engineers
47:24 Arson
53:08 Elite Rattan Archer
53:22 Sappers
53:53 Chatras
53:17 Crossbowman
Yur1Janu4r10
7:04 Loom
7:11 Loom
10:15 Loom
19:01 Feudal Age
20:33 Double-Bit Axe
24:08 Castle Age
23:46 Gold Mining
23:48 Stone Mining
26:21 Castle Age
28:26 Bow Saw
30:41 Stone Shaft Mining
37:00 Imperial Age
34:23 Town Watch
35:17 Wheelbarrow
36:40 Ballistics
36:38 Town Patrol
37:15 Loom
37:03 Heavy Scorpion
38:49 Chemistry
38:52 Two-Man Saw
38:43 Horse Collar
39:22 Hand Cart
38:49 Fishing Lines
64:08 Cavalier
65:00 Bloodlines
66:02 Paladin
72:46 Gillnets
73:00 Heavy Plow
73:31 Bombard Tower
73:30 Redemption
Connection lost

Rejoining the realm…

Still unreachable

The connection could not be restored.

Session expired

The server has moved on; the page needs a fresh start.